 Dungeon Crawl Stone Soup version 0.23-a0-49-gd9f7a49 (webtiles) character file.

74167 Amnesiac the Eclecticist (level 15, -2/100 HPs)
             Began as a Mummy Earth Elementalist on Aug 6, 2018.
             Was a High Priest of Vehumet.
             Shot with a bolt by a yaktaur (18 damage)
             ... led by a yaktaur captain
             ... on level 1 of the Depths.
             The game lasted 00:49:23 (19990 turns).

Amnesiac the Eclecticist (MuEE)                    Turns: 19990, Time: 00:49:23

Health: -2/100     AC: 14    Str: 13    XL:     15   Next: 6%
Magic:  46/46      EV: 12    Int: 24    God:    Vehumet [*****.]
Gold:   625        SH:  7    Dex: 16    Spells: 24/48 levels left

rFire    . . .     SeeInvis .   a - staff of earth
rCold    + + .     Gourm    .   f - +2 buckler {rC+}
rNeg     + + +     Faith    .   i - +0 troll leather armour
rPois    ∞         Spirit   .   z - +3 hat of Pondering {ponderous, MR+ MP+10 Int+5}
rElec    .         Reflect  .   d - +0 cloak {rC+}
rCorr    .         Harm     .   n - +2 pair of gloves {Dex+3}
MR       ++...                  (no boots)
Stlth    ++........             s - amulet of regeneration
HPRegen  1.06/turn              c - ring of fire
MPRegen  0.30/turn              q - +3 ring of protection

@: slow
A: no food or potions, fire vulnerability, cold resistance 1, negative energy
resistance 3, torment resistance, unbreathing, in touch with death 1
a: Renounce Religion


You were on level 1 of the Depths.
You worshipped Vehumet.
Vehumet was extremely pleased with you.
You were not hungry.

You visited 3 branches of the dungeon, and saw 18 of its levels.
You also visited: Ice Cave.

You collected 945 gold pieces.
You spent 320 gold pieces at shops.

Inventory:

Hand Weapons
 h - the +3 demon whip of Oddum {vamp, *Corrode Str+4 Int+3 SInv}
   (You found it in an ice cave)

   It inflicts no extra harm, but heals its wielder when it wounds a living foe.
   It affects your strength (+4).
   It affects your intelligence (+3).
   It lets you see invisible.
   It may corrode you when you take damage.
Missiles
 p - 331 stones (quivered)
Armour
 d - a +0 cloak of cold resistance (worn)
 f - a +2 buckler of cold resistance (worn)
 i - a +0 troll leather armour (worn)
 n - a +2 pair of gloves of dexterity (worn)
 z - the +3 hat of Pondering (worn) {ponderous, MR+ MP+10 Int+5}
   (You took it off Gastronok on level 7 of the Dungeon)

   It affects your intelligence (+5).
   It affects your resistance to hostile enchantments.
   It affects your magic capacity (+10).
Magical Staves
 a - an uncursed staff of earth (weapon)
 b - an uncursed staff of wizardry
 A - an uncursed staff of fire
Jewellery
 c - a ring of fire (left hand)
 q - a +3 ring of protection (right hand)
 r - an uncursed ring of protection from magic {unknown}
 s - an amulet of regeneration (around neck)
 x - an uncursed ring of see invisible
Wands
 g - a wand of polymorph (48)
 t - a wand of flame (18)
 w - a wand of random effects (97)
 E - a wand of iceblast (9)
Scrolls
 e - 9 scrolls of remove curse {!r}
 j - 2 scrolls of brand weapon {!r}
 k - 4 scrolls of enchant weapon {!r}
 l - a scroll of magic mapping {!r}
 m - 4 scrolls of enchant armour {!r}
 o - 3 scrolls of amnesia {!r}
 y - 3 scrolls of identify {!r}
 D - 3 scrolls of teleportation {!r}
Miscellaneous
 v - a lamp of fire
 G - a phial of floods (inert)


   Skills:
 - Level 4.0 Fighting
 - Level 1.5 Dodging
 - Level 1.5 Stealth
 - Level 4.0 Shields
 + Level 17.2 Spellcasting
 - Level 0.7 Transmutations
 * Level 17.2 Earth Magic


You had 24 spell levels left.
You knew the following spells:

 Your Spells              Type           Power        Failure   Level  Hunger
a - Iron Shot             Conj/Erth      #######...   4%          6    N/A
b - Passwall              Tmut/Erth      #######.     1%          2    N/A
c - Sandblast             Erth           ######       0%          1    N/A
d - Lee's Rapid Deconstr  Erth           ########..   1%          5    N/A
e - Petrify               Tmut/Erth      #######.     1%          4    N/A
f - Mephitic Cloud        Conj/Pois/Air  ###.....     2%          3    N/A
g - Stone Arrow           Conj/Erth      ######       1%          3    N/A

Your spell library contained the following spells:

 Spells                   Type           Power        Failure   Level  Hunger
 Magic Dart               Conj           ###.         1%          1    N/A
 Apportation              Tloc           ###...       3%          1    N/A
 Bolt of Cold             Conj/Ice       ###.......   73%         6    N/A
 Confuse                  Hex            ###.....     10%         3    N/A
 Invisibility             Hex            ###.....     99%         6    N/A
 Freezing Cloud           Conj/Ice/Air   ###.......   73%         6    N/A
 Iskenderun's Mystic Bla  Conj           ###.....     9%          4    N/A
 Ozocubu's Refrigeration  Ice            ###.......   73%         6    N/A
 Tukima's Dance           Hex            ###.....     10%         3    N/A
 Ice Form                 Ice/Tmut       ###.....     28%         4    N/A
 Ensorcelled Hibernation  Hex/Ice        ###...       4%          2    N/A
 Metabolic Englaciation   Hex/Ice        ###.......   65%         5    N/A
 Summon Butterflies       Summ           ###.....     3%          1    N/A
 Corona                   Hex            ###....      3%          1    N/A
 Alistair's Intoxication  Tmut/Pois      ###.....     61%         5    N/A
 Simulacrum               Ice/Necr       ####......   99%         6    N/A
 Fulminant Prism          Conj/Hex       ###.......   9%          4    N/A
 Dazzling Spray           Conj/Hex       ###...       2%          3    N/A
 Force Lance              Conj/Tloc      ###.....     9%          4    N/A
 Searing Ray              Conj           ###...       1%          2    N/A
 Lesser Beckoning         Tloc           ###.......   10%         3    N/A

Dungeon Overview and Level Annotations

Branches:
Dungeon (15/15)            Temple (1/1) D:5            Lair (0/6) D:11
    Orc (0/2) D:12         Vaults (0/5) D:14         Depths (2/5) D:15

Altars:
Cheibriados
Dithmenos
Elyvilon
Fedhas
Gozag
Hepliaklqana
Kikubaaqudgha
Makhleb
Nemelex Xobeh
Okawaru
Qazlal
Ru
Sif Muna
Uskayaw
Vehumet
Xom
Jiyva

Shops:
D:5 =   D:6 *   D:7 *   D:8 :([:[   D:9 ?

Portals:
Trove: D:11 (give +3 shadow dragon scales)

Annotations:
Depths:1 exclusion: downstairs


Innate Abilities, Weirdness & Mutations

You do not eat or drink.
Your flesh is vulnerable to fire.
You are immune to poison.
Your flesh is cold resistant. (rC+)
You are immune to negative energy. (rN+++)
You are immune to unholy pain and torment.
You can survive without breathing.
You are in touch with the powers of death.


Message History

You feel a surge of power!
The iron shot hits the frost giant.
The frost giant is almost dead.
You block the frost giant's attack.
Casting: Iron Shot (safe; 4% risk of failure)
Confirm with . or Enter, or press ? or * to list all spells.
Aiming: Iron Shot (safe; 4% risk of failure)
Press: ? - help, Shift-Dir - straight line, f/p - frost giant
Aim: a frost giant, wielding a battleaxe of freezing (almost dead)
You feel a surge of power!
You miscast Iron Shot.
Your feet feel warm.
The frost giant hits you but does no damage.
Casting: Iron Shot (safe; 4% risk of failure)
Confirm with . or Enter, or press ? or * to list all spells.
Aiming: Iron Shot (safe; 4% risk of failure)
Press: ? - help, Shift-Dir - straight line, f/p - frost giant
Aim: a frost giant, wielding a battleaxe of freezing (almost dead)
You feel a surge of power!
The iron shot hits the frost giant.
You kill the frost giant!
Vehumet accepts your kill.
Casting: Iron Shot (safe; 4% risk of failure)
Confirm with . or Enter, or press ? or * to list all spells.
You don't have enough magic to cast that spell.
You start resting.
HP restored.
You start resting.
HP restored.
You start resting.
Your magical contamination has completely faded away.
You start resting.
Magic restored.
You start resting.
Magic restored.
You climb downwards.
Welcome back to the Depths!
Level annotation: exclusion: downstairs The ettin hits you with a dire flail of holy wrath!!
You convulse!!
* * * LOW HITPOINT WARNING * * *
The ettin completely misses you.
The yaktaur unwields an uncursed arbalest.
The yaktaur hits you but does no damage.
The ettin barely misses you. The ettin hits you with a dire flail!!
* * * LOW HITPOINT WARNING * * *
There is a staircase back to the Dungeon here.
Things that are here:
41 bolts; an arbalest x2
Okay, then.
Okay, then.
Okay, then.
Okay, then.
Evoke which item? (* to show all) (? for menu, Esc to quit)
Aim the phial where?
Press: ? - help, Shift-Dir - straight line, f - ettin
Aim: an ettin, wielding a dire flail of holy wrath and a dire flail The torrent of water hits the ettin.
The ettin is lightly wounded.
The wave splashes down.
The water rises up and takes form.
You hear a shout! x4
The yaktaur hits you but does no damage.
The rakshasa weaves an illusion.
The yaktaur wields an uncursed arbalest.
The yaktaur shoots a bolt.
You block the bolt.
You see here a bolt.
A yaktaur comes into view.
The yaktaur wields an arbalest.
The yaktaur shoots a bolt.
The bolt hits you!!
You die...

.....C.....##(.#...#
...........$##..# ..#.
........c...##..###....
#........c..##..#..##..
#..........†##≈(#....#
#...!.......##?(...#
#........>(.÷(<≈E..#
#...........≈c.C#.#...
#$.....((....[.@#.# ..
#......(R............#
.....................#
.........(......####..#
#...>..?........# ..
#..))...(.......#
#...............#
#c).............#
#..............


You could see an ettin, a rakshasa, 3 yaktaurs and a friendly water elemental.

Vanquished Creatures
  Asterion (Depths:1)
  A sphinx (D:15)
  Gastronok (D:7)
  A frost giant (D:15)
  The ghost of Setzue the Earth Mage, a journeyman GrEE of Cheibriados (D:13)
  A reaper (IceCv)
  A stone giant (Depths:1)
  A yaktaur captain (Depths:1)
  A naga warrior (D:13)
  2 vault guards (D:14)
  A catoblepas (D:13)
  15 two-headed ogres
  6 centaur warriors
  Erica (D:8)
  2 tengu warriors (D:15)
  3 ogre magi (D:15)
  2 unseen horrors
  A deep elf archer (D:13)
  2 wizards (D:15)
  2 necromancers (D:14)
  A wolf spider zombie (D:15)
  2 orc knights (D:13)
  11 ugly things
  A manticore (D:11)
  2 deep elf magi (D:14)
  A gargoyle (D:10)
  2 ice statues (IceCv)
  3 naga magi (D:15)
  A komodo dragon (D:11)
  5 kobold demonologists
  A freezing wraith (D:14)
  11 yaktaurs
  11 ice devils (IceCv)
  The ghost of feelmyfire the Ruffian, a novice VSTm of Ashenzari (D:6)
  The ghost of biddum the Bolt Thrower, an amateur MiHu (D:2)
  A tengu conjurer (D:10)
  2 polar bears (D:12)
  5 trolls
  12 slime creatures
  Grinder (D:3)
  2 hornets
  7 hippogriffs
  Sigmund (D:3)
  4 wyverns
  4 shadows
  17 yaks
  19 humans (D:14)
  6 vampire mosquitoes
  A soldier ant (D:13)
  An acid dragon (shapeshifter) (D:15)
  An acid dragon (D:15)
  4 ice beasts
  12 orc warriors
  2 sky beasts (D:9)
  A black bear (D:12)
  3 eyes of draining (D:11)
  5 phantoms
  A wolf (D:12)
  18 ogres
  15 centaurs
  A crocodile (D:13)
  6 big kobolds
  5 bullfrogs
  A wyvern zombie (D:13)
  5 scorpions
  3 troll zombies (D:12)
  11 killer bees
  20 wights
  3 howler monkeys
  6 bullfrog zombies
  7 crimson imps
  3 centaur zombies
  8 orc priests
  2 centaur skeletons
  6 jellies
  2 quasits
  10 hounds
  17 orc wizards
  3 iguanas
  9 worker ants
  5 ogre zombies (D:12)
  2 hound zombies (D:6)
  3 gnolls (D:3)
  11 adders
  2 shadow imps
  8 white imps (IceCv)
  5 ufetubi (IceCv)
  2 adder skeletons (D:4)
  2 worms
  2 dart slugs
  4 leopard geckos
  48 orcs
  2 ball pythons (D:2)
  8 giant cockroaches
  7 goblins
  5 hobgoblins
  12 jackals
  4 quokkas
  4 bats
  15 frilled lizards
  A goblin skeleton (D:12)
  4 goblin zombies (D:12)
  A hobgoblin skeleton (D:12)
  2 hobgoblin zombies (D:12)
  A jackal skeleton (D:4)
  A jackal zombie (D:9)
  19 kobolds
  2 leopard gecko skeletons
  3 orc skeletons (D:12)
  12 orc zombies (D:12)
  12 rats
582 creatures vanquished.

Vanquished Creatures (others)
  An ice dragon (D:12)
  A polar bear (D:12)
  2 white imps (IceCv)
  4 ufetubi (IceCv)
  7 plants (D:11)
  2 withered plants (D:6)
17 creatures vanquished.

Grand Total: 599 creatures vanquished

Notes
Turn   | Place    | Note
-------+----------+-------------------------------------------
     0 | D:1      | Amnesiac the Mummy Earth Elementalist began the quest for the Orb.
     0 | D:1      | Reached XP level 1. HP: 13/13 MP: 4/4
   378 | D:2      | Reached XP level 2. HP: 10/19 MP: 5/5
   382 | D:2      | Learned a level 2 spell: Passwall
   965 | D:3      | Found a runed gate.
   965 | D:3      | Found a runed gate.
   965 | D:3      | Found a runed gate.
   986 | D:4      | Reached XP level 3. HP: 24/24 MP: 4/7
   991 | D:4      | Learned a level 3 spell: Stone Arrow
  1138 | D:4      | Noticed an ogre
  1142 | D:4      | Killed an ogre
  1142 | D:4      | Reached XP level 4. HP: 15/30 MP: 3/10
  1144 | D:4      | Reached XP level 5. HP: 18/35 MP: 1/11
  1185 | D:4      | Learned a level 4 spell: Petrify
  1498 | D:4      | Noticed an ogre
  1502 | D:4      | Killed an ogre
  1502 | D:4      | Reached XP level 6. HP: 37/41 MP: 7/13
  1625 | D:4      | Reached skill level 5 in Spellcasting
  1625 | D:4      | Reached skill level 5 in Earth Magic
  1637 | D:4      | Learned a level 5 spell: Lee's Rapid Deconstruction
  1700 | D:4      | Found a sacrificial altar of Ru.
  1820 | D:5      | Entered Level 5 of the Dungeon
  1866 | D:5      | Reached XP level 7. HP: 30/46 MP: 7/15
  1994 | D:5      | Found Leehus's Jewellery Boutique.
  2173 | D:5      | Found a staircase to the Ecumenical Temple.
  2199 | Temple   | Entered the Ecumenical Temple
  2370 | Temple   | Became a worshipper of Vehumet
  3216 | D:2      | Reached * piety under Vehumet
  3216 | D:2      | Offered knowledge of Sting by Vehumet.
  3558 | D:3      | Noticed Grinder
  3566 | D:3      | Killed Grinder
  3639 | D:3      | Noticed biddum's ghost (amateur MiHu)
  3648 | D:3      | Noticed Sigmund
  3841 | D:3      | Killed Sigmund
  3841 | D:3      | Reached XP level 8. HP: 44/52 MP: 2/18
  4911 | D:5      | Found a shadowy altar of Dithmenos.
  5301 | D:6      | Found Dextass's Assorted Antiques.
  5304 | D:6      | Bought a scroll labeled GILUM ODGHA for 26 gold pieces
  5304 | D:6      | Bought a scroll labeled COOXTA BEDAMN for 26 gold pieces
  5304 | D:6      | Bought a glowing moonstone ring for 130 gold pieces
  5463 | D:6      | Offered knowledge of Throw Frost by Vehumet.
  5568 | D:6      | Found a runed door.
  5568 | D:6      | Noticed feelmyfire's ghost (novice VSTm)
  5572 | D:6      | Reached ** piety under Vehumet
  6098 | D:6      | Killed feelmyfire's ghost
  6098 | D:6      | Reached XP level 9. HP: 19/57 MP: 0/21
  6300 | D:2      | Killed biddum's ghost
  6424 | D:7      | Found an ancient bone altar of Kikubaaqudgha.
  6428 | D:7      | Found a deep blue altar of Sif Muna.
  6432 | D:7      | Found a snail-covered altar of Cheibriados.
  6699 | D:7      | Offered knowledge of Mephitic Cloud by Vehumet.
  6860 | D:7      | Found an iron altar of Okawaru.
  6998 | D:7      | Found a stormy altar of Qazlal.
  7091 | D:7      | Found Xir Uqiv's General Store.
  7099 | D:7      | Bought a +0 pair of gloves of dexterity for 138 gold pieces
  7357 | D:8      | Got an ichor-stained great sword
  7358 | D:8      | Identified the +9 great sword "Suneg" {slice, rC+ rN+ Str-5 Stlth+} (You found it on level 8 of the Dungeon)
  7369 | D:8      | Reached skill level 10 in Spellcasting
  7369 | D:8      | Reached skill level 10 in Earth Magic
  7372 | D:8      | Reached *** piety under Vehumet
  7375 | D:8      | Reached XP level 10. HP: 24/63 MP: 10/24
  7380 | D:8      | Noticed Gastronok
  7837 | D:7      | Killed Gastronok
  7943 | D:8      | Found Umicar's Armour Shop.
  7977 | D:8      | Found Poshrao's Book Boutique.
  8087 | D:8      | Found Neqirhad's Antique Weapon Boutique.
  8098 | D:8      | Found Sohufal's Book Emporium.
  8330 | D:8      | Found Puides's Armour Shop.
  8335 | D:8      | Learned a level 3 spell: Mephitic Cloud
  8460 | D:8      | Got a steaming spear
  8653 | D:8      | Noticed Erica
  8657 | D:8      | Killed Erica
  8671 | D:8      | Identified the cursed +1 spear "Anejeah" {speed, *Drain Str+6} (You found it on level 8 of the Dungeon)
  9081 | D:9      | Found Deytiaqo's Magic Scroll Shop.
  9159 | D:9      | Found a hazy altar of Hepliaklqana.
  9316 | D:9      | Offered knowledge of Inner Flame by Vehumet.
  9504 | D:10     | Entered Level 10 of the Dungeon
  9508 | D:10     | Noticed a centaur warrior
  9525 | D:10     | Killed a centaur warrior
  9525 | D:10     | Reached XP level 11. HP: 27/68 MP: 7/26
  9686 | D:10     | Found Madghemm's Magic Scroll Emporium.
  9821 | D:11     | Reached **** piety under Vehumet
  9825 | D:11     | Found a shimmering altar of Xom.
 10083 | D:11     | Offered knowledge of Sticky Flame by Vehumet.
 10238 | D:11     | Noticed a two-headed ogre
 10246 | D:11     | Killed a two-headed ogre
 10301 | D:11     | Noticed a cyan ugly thing
 10324 | D:11     | Killed a cyan ugly thing
 10326 | D:11     | Found a portal to a secret trove of treasure.
 10342 | D:11     | Found a staircase to the Lair.
 10658 | D:11     | Reached ***** piety under Vehumet
 10796 | D:11     | Offered knowledge of Iron Shot by Vehumet.
 10828 | D:11     | Learned a level 6 spell: Iron Shot
 11483 | D:10     | Reached XP level 12. HP: 74/74 MP: 23/29
 11691 | D:12     | Noticed a two-headed ogre
 11709 | D:12     | Killed a two-headed ogre
 11889 | D:12     | Noticed a two-headed ogre
 11903 | D:12     | Killed a two-headed ogre
 12019 | D:12     | Found a staircase to the Orcish Mines.
 12059 | D:12     | Found a frozen archway.
 12059 | D:12     | Noticed an ice dragon
 12217 | IceCv    | Entered an ice cave
 12310 | IceCv    | Offered knowledge of Iskenderun's Battlesphere by Vehumet.
 12731 | IceCv    | Reached skill level 1 in Shields
 13196 | IceCv    | Noticed a reaper
 13201 | IceCv    | Killed a reaper
 13247 | IceCv    | Got a dazzling falchion
 13253 | IceCv    | Got a crude demon whip
 13426 | D:12     | Killed an ice dragon
 13642 | D:12     | Noticed a centaur warrior
 13649 | D:12     | Killed a centaur warrior
 14083 | D:12     | Identified the +3 demon whip of Oddum {vamp, *Corrode Str+4 Int+3 SInv} (You found it in an ice cave)
 14091 | D:12     | Identified the cursed +1 falchion "Azoh" {distort, rPois} (You found it in an ice cave)
 14522 | D:13     | Gained mutation: You are in touch with the powers of death. [Mummy growth]
 14522 | D:13     | Reached XP level 13. HP: 79/79 MP: 31/31
 14993 | D:13     | Offered knowledge of Fireball by Vehumet.
 15448 | D:13     | Found a runed gate.
 15448 | D:13     | Found a runed gate.
 15448 | D:13     | Found a runed gate.
 15584 | D:13     | Noticed Setzue's ghost (journeyman GrEE)
 15591 | D:13     | Found an iron altar of Okawaru.
 15615 | D:13     | Reached skill level 15 in Earth Magic
 15616 | D:13     | Reached skill level 15 in Spellcasting
 15791 | D:13     | Killed Setzue's ghost
 16548 | D:14     | Reached skill level 1 in Fighting
 17070 | D:14     | Reached XP level 14. HP: 58/91 MP: 1/33
 17390 | D:14     | Got a dazzling quarterstaff
 17394 | D:14     | Found a gate to the Vaults.
 17693 | D:15     | Entered Level 15 of the Dungeon
 17814 | D:15     | Offered knowledge of Spellforged Servitor by Vehumet.
 18558 | D:15     | Identified a scroll of acquirement {!r}
 18559 | D:15     | Identified the +4 quarterstaff "Goblinbane" {elec, Int+6} (You found it on level 14 of the Dungeon)
 18867 | D:15     | Found a staircase to the Depths.
 19177 | D:15     | Found a viscous altar of Jiyva.
 19287 | Depths:1 | Entered Level 1 of the Depths
 19294 | Depths:2 | Noticed a fire giant
 19331 | Depths:1 | Noticed Asterion
 19333 | Depths:1 | Noticed a balrug
 19459 | Depths:1 | Killed Asterion
 19638 | Depths:1 | Noticed a stone giant
 19641 | Depths:1 | Noticed a frost giant
 19710 | Depths:1 | Killed a stone giant
 19764 | Depths:1 | Noticed a sphinx
 19768 | D:15     | Paralysed by a sphinx for 5 turns
 19774 | D:15     | Killed a sphinx
 19774 | D:15     | Reached XP level 15. HP: 75/100 MP: 30/36
 19836 | D:15     | Killed a frost giant
 19990 | Depths:1 | Shot with a bolt by a yaktaur

Vault maps used:
D:1:      co_arrival_square_in_a_square_in_a_square, minmay_tetromino_t4
D:2:      first_ration
D:3:      gammafunk_ghost_split, uniq_grinder, uniq_sigmund
D:4:      nicolae_ru_awakened_eye
D:5:      grunt_dithmenos_smoke, minmay_temple_entry_nine_rooms, serial_shops,
          shop, eino_tiny_chamber
D:6:      serial_shops, nicolae_shop_behind_doors, gammafunk_ghost_grave,
          minmay_holes
D:7:      nicolae_qazlal_general_emergency, okawaru_trees_1,
          minmay_overflow_temple_star_quad, serial_shops, kennysheep_mini_moat
D:8:      serial_shops, nicolae_shop_statue_plus, nicolae_shop_trees,
          nicolae_shop_temple_entry_statues_fountains, nicolae_shop_trees,
          nicolae_shop_trees, uniq_gastronok, uniq_erica
D:9:      overflow_temple_1_default, serial_shops, shop_statue
D:10:     serial_shops, shop, grunt_tengu_nest
D:11:     david_lair_shrubbed, basic_altar, nicolae_trove_entry_crossroad
D:12:     zombieorc2_lemuel, portal_ice_cave_entry_animals_and_master
D:13:     gammafunk_ghost_fury_of_okawaru
D:14:     grunt_vaults_entry_tiered, serial_column_ruins,
          column_ruins_corridor_water, column_ruins_grid_3, column_ruins_grid_4,
          column_ruins_columns_dead_end, column_ruins_corridor_straight,
          column_ruins_open_small_water
D:15:     grunt_enter_depths_magical_seal, minmay_misc_feat_roman, jiyva_altar_1
Temple:   minmay_temple_curvy_branch
Depths:1: serial_sigils, serial_sigils_hangedman_scratch,
          serial_sigils_hangedman_shear, serial_sigils_hangedman_quiver,
          serial_sigils_hangedman_etch, hangedman_geh_valley,
          lemuel_statue_altar, serial_bayou_shore_b, uniq_asterion
Depths:2: grunt_runaround, hell_entry
IceCv:    ice_cave_small_demon

Skill      XL: |  1  2  3  4  5  6  7  8  9 10 11 12 13 14 |
---------------+-------------------------------------------+-----
Spellcasting   | 3 4 5 7 8 10 11 13 14 15 17 | 17.2
Earth Magic    | 3 4 5 7 8 10 11 13 14 15 17 | 17.2
Shields        | 2 4 |  4.0
Fighting       | 2 4 |  4.0
Dodging        | |  1.5
Stealth        | |  1.5
Transmutations | |  0.7

Action                   |  1- 3 |  4- 6 |  7- 9 | 10-12 | 13-15 || total
-------------------------+-------+-------+-------+-------+-------++-------
Melee: Unarmed           |    54 |       |       |       |       ||    54
       Dagger            |    15 |     2 |    53 |    18 |       ||    88
       Staff             |       |     2 |    73 |     2 |     5 ||    82
       Great sword       |       |       |     4 |    91 |       ||    95
       Demon whip        |       |       |       |     5 |    32 ||    37
 Cast: Sandblast         |    13 |    50 |    83 |    49 |    24 ||   219
       Lee's Rapid Decon |       |     1 |    47 |   160 |   108 ||   316
       Stone Arrow       |       |       |    55 |    53 |       ||   108
       Passwall          |       |       |     1 |     7 |       ||     8
       Petrify           |       |       |     4 |    11 |    11 ||    26
       Iron Shot         |       |       |       |    63 |   142 ||   205
Evoke: Wand              |       |       |     3 |    18 |     9 ||    30
       Lamp of fire      |       |       |       |       |     1 ||     1
       Phial of floods   |       |       |       |       |     1 ||     1
  Use: Scroll            |       |     3 |    12 |    10 |     6 ||    31
 Stab: Sleeping          |       |       |     1 |       |       ||     1
       Petrified         |       |       |     4 |       |       ||     4
       Paralysed         |       |       |     3 |       |       ||     3
       Distracted        |       |       |       |     3 |       ||     3
Armor: Robe              |    18 |     2 |    30 |   122 |       ||   172
       Troll leather arm |       |       |       |    15 |    53 ||    68
Dodge: Dodged            |    48 |    25 |   129 |   184 |    57 ||   443
Block: Buckler           |       |       |       |    12 |    48 ||    60
       Rpst.: Great sword |       |       |     4 |    40 |       ||    44

Table legend:
 A = Spawn XP
 B = Non-spawn XP
 C = Spawn XP percentage of total XP
 D = Spawn monster count
 E = Non-spawn monster count
 F = Spawn count percentage of total count
 G = Total turns spent on level
                    A         B        C        D         E        F      G
               +---------+---------+-------+---------+---------+-------+---------
         Total |       0 |  105954 |   0.0 |       0 |     584 |   0.0 | 19990
               +---------+---------+-------+---------+---------+-------+---------
           D:1 |       0 |      36 |   0.0 |       0 |      23 |   0.0 |   744
           D:2 |       0 |     433 |   0.0 |       0 |      36 |   0.0 |  1549
           D:3 |       0 |     606 |   0.0 |       0 |      21 |   0.0 |   990
           D:4 |       0 |     536 |   0.0 |       0 |      16 |   0.0 |   938
           D:5 |       0 |     596 |   0.0 |       0 |      16 |   0.0 |  1066
           D:6 |       0 |    1159 |   0.0 |       0 |      23 |   0.0 |   926
           D:7 |       0 |    3392 |   0.0 |       0 |      30 |   0.0 |  1364
           D:8 |       0 |    2149 |   0.0 |       0 |      15 |   0.0 |   997
           D:9 |       0 |    2011 |   0.0 |       0 |      29 |   0.0 |   761
          D:10 |       0 |    4329 |   0.0 |       0 |      32 |   0.0 |   960
          D:11 |       0 |    7471 |   0.0 |       0 |      70 |   0.0 |  1395
          D:12 |       0 |    8928 |   0.0 |       0 |      75 |   0.0 |  1423
          D:13 |       0 |   13040 |   0.0 |       0 |      48 |   0.0 |  1490
          D:14 |       0 |   16396 |   0.0 |       0 |      55 |   0.0 |  2162
          D:15 |       0 |   26190 |   0.0 |       0 |      50 |   0.0 |  1716
      Depths:1 |       0 |   12513 |   0.0 |       0 |      18 |   0.0 |   107
         IceCv |       0 |    6169 |   0.0 |       0 |      27 |   0.0 |  1203
               +---------+---------+-------+---------+---------+-------+---------
